 Dungeon Crawl Stone Soup version 0.28-a0-828-g0121872642 (webtiles) character file.

Game seed: 8142001353100993540

75 dickylongcocking the Grave Robber (level 4, -3/30 HPs)
             Began as a Mummy Necromancer on Nov 10, 2021.
             Slain by a black bear (6 damage)
             ... on level 3 of the Dungeon.
             The game lasted 00:03:25 (3761 turns).

dickylongcocking the Grave Robber (MuNe)            Turns: 3761, Time: 00:03:26

Health: -3/30      AC:  2    Str: 11    XL:     4   Next: 11%
Magic:  4/9        EV: 12    Int: 15    God:
Gold:   75         SH:  0    Dex: 12    Spells: 9/10 levels left

rFire   x . .      SeeInvis .   g - +1 short sword (venom)
rCold   + . .      Faith    .   (no shield)
rNeg    + + +      Spirit   .   a - +0 robe
rPois   ∞          Reflect  .   (no helmet)
rElec   .          Harm     .   (no cloak)
rCorr   .          Rampage  .   (no gloves)
Will    .....                   (no boots)
Stlth   ++........              (no amulet)
HPRegen 0.10/turn               (no ring)
MPRegen 0.11/turn               (no ring)

@: no status effects
A: cold resistance 1, negative energy resistance 3, torment resistance 2, heat
vulnerability 1, no potions
a: no special abilities


You were on level 3 of the Dungeon.
You visited 1 branch of the dungeon, and saw 4 of its levels.

You collected 75 gold pieces.

Inventory:

Hand Weapons
 f - a +0 dagger
 g - a +1 short sword of venom (weapon)
Armour
 a - a +0 robe (worn)
 i - a +0 buckler
Jewellery
 h - a ring of poison resistance
 k - a ring of protection from fire
Scrolls
 b - a scroll of blinking {unknown}
 c - a scroll of holy word {unknown}
 d - a scroll of immolation {unknown}
 e - a scroll of teleportation {unknown}
 j - a scroll of noise {unknown}
 l - a scroll of fog {unknown}
 m - 2 scrolls of identify {unknown}
 n - a scroll of enchant weapon {unknown}


   Skills:
 - Level 0.2 Fighting
 - Level 1.6 Dodging
 - Level 1.6 Stealth
 * Level 3.9 Spellcasting
 * Level 5.0 Necromancy


You had 9 spell levels left.
You knew the following spells:

 Your Spells              Type           Power      Damage    Failure   Level
a - Pain                  Necr           72%        1d7       2%          1

Your spell library contained the following spells:

 Spells                   Type           Power      Damage    Failure   Level
 Animate Skeleton         Necr           36%        N/A       2%          1
 Vampiric Draining        Necr           18%        2d7       7%          3
 Animate Dead             Necr           9%         N/A       22%         4
 Agony                    Necr           18%        N/A       54%         5


Dungeon Overview and Level Annotations

Branches:
Dungeon (4/15)
 Temple: D:4-7

Altars:
Fedhas
Hepliaklqana
Yredelemnul

Shops:
D:1 (


Innate Abilities, Weirdness & Mutations

You are immune to poison.
Your flesh is cold resistant. (rC+)
You are immune to negative energy. (rN+++)
You are immune to unholy pain and torment.
You are vulnerable to heat. (rF-)
You do not drink.


Message History

The black bear closely misses you. The black bear barely misses you.
Unknown command.
Unknown command.
Casting: Pain (safe; 2% risk of failure)
Confirm with . or Enter, or press ? or * to list all spells.
Aiming: Pain (safe; 2% risk of failure)
Press: ? - help, Shift-Dir - straight line, f/p - black bear
Aim: a black bear (moderately wounded, poisoned, chance to affect: 78%)
The black bear writhes in agony!
The black bear misses you. The black bear claws you.
The black bear closely misses you.
Unknown command.
Unknown command.
Casting: Pain (safe; 2% risk of failure)
Confirm with . or Enter, or press ? or * to list all spells.
Aiming: Pain (safe; 2% risk of failure)
Press: ? - help, Shift-Dir - straight line, f/p - black bear
Aim: a black bear (heavily wounded, poisoned, chance to affect: 78%)
The black bear barely resists.
The black bear bites you. The black bear barely misses you.
The black bear claws you but does no damage.
Unknown command.
Unknown command.
Casting: Pain (safe; 2% risk of failure)
Confirm with . or Enter, or press ? or * to list all spells.
Aiming: Pain (safe; 2% risk of failure)
Press: ? - help, Shift-Dir - straight line, f/p - black bear
Aim: a black bear (severely wounded, poisoned, chance to affect: 78%)
The black bear writhes in agony!
The black bear goes berserk!
Unknown command.
Unknown command.
Unknown command.
Casting: Pain (safe; 2% risk of failure)
Confirm with . or Enter, or press ? or * to list all spells.
Aiming: Pain (safe; 2% risk of failure)
Press: ? - help, Shift-Dir - straight line, f/p - black bear
Aim: a black bear (almost dead, berserk, poisoned, chance to affect: 78%)
The black bear writhes in agony.
The black bear bites you!
* * * LOW HITPOINT WARNING * * *
The black bear claws you.
You die...

#....#....####.#.............#
#...###...#.##.#...#......##.#
#...# #...#.##.#..........##.#
#...# #...#.##.#......######.#
#...# #...#..#.#......######.#
#...# #...##.................#
#...# #...##...#......########
#...# #...###..####...# #...#
#...#..h@####...# #...#
#...#...........# #...#
#...#.########'## #...#
#...#.# #.# #...# #...#.# #÷#
#...# #...#.# #.# ##'##
##'##.# #.# ###..# #.##.# #.#
....## #....# #.#


You could see a black bear (berserk, poisoned).

Vanquished Creatures
  An adder (D:3)
  2 worms (D:2)
  3 orcs
  5 bats
  5 endoplasms
  A giant cockroach (D:3)
  5 goblins (D:1)
  3 hobgoblins
  7 jackals (D:3)
  5 kobolds
  5 quokkas (D:3)
  4 ball pythons
  2 frilled lizards
  6 rats
54 creatures vanquished.

Notes
Turn   | Place    | Note
-------+----------+-------------------------------------------
     0 | D:1      | dickylongcocking the Mummy Necromancer began the quest for
                  | the Orb.
     0 | D:1      | Reached XP level 1. HP: 13/13 MP: 4/4
   438 | D:1      | Reached XP level 2. HP: 19/19 MP: 1/5
  1076 | D:1      | Found Aschag's Weapon Shoppe.
  1404 | D:2      | Found a faded altar of an unknown god.
  1871 | D:2      | Reached XP level 3. HP: 24/24 MP: 1/7
  3104 | D:3      | Found a hazy altar of Hepliaklqana.
  3105 | D:3      | Found a blossoming altar of Fedhas.
  3298 | D:3      | Found a basalt altar of Yredelemnul.
  3470 | D:3      | Reached skill level 5 in Necromancy
  3470 | D:3      | Reached XP level 4. HP: 26/30 MP: 9/9
  3743 | D:4      | Noticed a black bear
  3761 | D:3      | Slain by a black bear

Illustrated notes

Levels and vault maps discovered:
D:1:      dpeg_arrival_signposts, layout_loops_ring, serial_shops, shop
D:2:      layout_loops_ring, chequers_ecumenical_altar_island,
          minmay_misc_feat_plants, kennysheep_cross_room, chequers_avenue,
          bh_walls_and_bars
D:3:      layout_basic, mainiacjoe_overflow_surrounded_room,
          gammafunk_temple_overflow_statue, nrook_uturn, minmay_liquid_box,
          kennysheep_generic_room_3
D:4:      layout_cave_pools, minmay_temple_entry_nine_rooms

Skill      XL: |  1  2  3 |
---------------+----------+-----
Spellcasting   | 3 |  3.9
Necromancy     | 5 |  5.0
Fighting       | |  0.2
Dodging        | |  1.6
Stealth        | |  1.6

Action                   |  1- 3 |  4- 6 || total
-------------------------+-------+-------++-------
Melee: Short sword       |    71 |     8 ||    79
       Dagger            |     1 |       ||     1
       Unarmed           |     1 |       ||     1
 Cast: Pain              |    55 |     5 ||    60
 Stab: Sleeping          |     1 |     1 ||     2
Armor: Robe              |    17 |     4 ||    21
Dodge: Dodged            |    75 |    11 ||    86

Table legend: (Time is in decaauts)
 A = Elapsed time spent in this place.
 B = Non-inter-level travel time spent in this place.
 C = Inter-level travel time spent in this place.
 D = Time resting spent in this place.
 E = Time spent auto-exploring this place.
 F = Levels seen in this place.
 G = Mean time per level.
                   A        B        C        D        E       F      G
               +--------+--------+--------+--------+--------+-----+--------+
         Total |   3768 |   3703 |     65 |    323 |   2971 |   4 |  942.0 |
       Dungeon |   3768 |   3703 |     65 |    323 |   2971 |   4 |  942.0 |
               +--------+--------+--------+--------+--------+-----+--------+

Top non-repeatable levels by time:
     D:3: 1543 daAuts
     D:1: 1345 daAuts
     D:2: 832 daAuts
     D:4: 47 daAuts
